 Dungeon Crawl Stone Soup version 0.17-a0-1882-g750edc8 (webtiles) character file.

123 doublediamondsmb the Stinger (level 5, -4/43 HPs)
             Began as a Naga Venom Mage on Sept 22, 2015.
             Slain by VisualChap's ghost (7 damage)
             ... on level 4 of the Dungeon.
             The game lasted 00:15:04 (3332 turns).

doublediamondsmb the Stinger (Naga Venom Mage)      Turns: 3332, Time: 00:15:04

Health: -4/43      AC:  3    Str: 10    XL:     5   Next: 7%
Magic:  18/18      EV: 10    Int: 21    God:
Gold:   111        SH:  0    Dex: 12    Spells: 3 memorised, 3 levels left

rFire  . . .     SeeInvis +     j - +0 dagger
rCold  . . .     Clarity  .     a - +1 robe
rNeg   + . .     SustAt   .     (no shield)
rPois  +         Gourm    .     (no helmet)
rElec  .         Spirit   .     (no cloak)
rCorr  .         Warding  .     (no gloves)
rMut   .         Stasis   .     (no barding)
MR     .....                    (no amulet)
Stlth  +++.......               m - ring of positive energy
                                i - ring of magical power

@: brilliant, very slow, not resistant to hostile enchantments, fairly stealthy
A: see invisible, deformed body, poison resistance, slowness 2, slow metabolism
1, spit poison 2, AC +1
a: Spit Poison


You were on level 4 of the Dungeon.
You were not hungry.

You visited 1 branch of the dungeon, and saw 4 of its levels.

You collected 111 gold pieces.

Inventory:

Hand weapons
 j - a +0 dagger (weapon)
 k - a +0 short sword
Armour
 a - a +1 robe (worn)
 f - a +0 robe
Jewellery
 i - a ring of magical power (left hand)
 m - a ring of positive energy (right hand)
Potions
 e - a potion of brilliance
 n - a potion of curing {unknown}
Books
 b - a Young Poisoner's Handbook

   Spells                             Type                      Level
   a - Sting                          Conjuration/Poison           1
   b - Cure Poison                    Poison                       2
   c - Mephitic Cloud                 Conjuration/Poison/Air       3
   d - Olgreb's Toxic Radiance        Poison                       4
   e - Venom Bolt                     Conjuration/Poison           5
Comestibles
 c - a bread ration
 g - 2 meat rations


   Skills:
 + Level 0.4 Fighting
 + Level 2.0 Dodging
 + Level 3.7 Stealth
 + Level 2.7 Spellcasting
 + Level 1.7 Conjurations
 + Level 6.5 Poison Magic


You had 3 spell levels left.
You knew the following spells:

 Your Spells              Type           Power        Failure   Level  Hunger
a - Sting                 Conj/Pois      ####         1%          1    None
b - Cure Poison           Pois           #####.....   1%          2    ##.....
c - Mephitic Cloud        Conj/Pois/Air  ####....     2%          3    ###....


Dungeon Overview and Level Annotations

Branches:
Dungeon (4/15)
 Temple: D:4-7

Altars:
Ashenzari
Nemelex Xobeh
Okawaru
Xom
Yredelemnul
Zin

Annotations:
D:4 Eustachio; VisualChap's ghost, weakling GrBe


Innate Abilities, Weirdness & Mutations

You cannot wear boots.
Your serpentine skin is tough (AC +1).
You have supernaturally acute eyesight.
Armour fits poorly on your strangely shaped body.
Your system is resistant to poisons.
You cover ground very slowly.
You have a slow metabolism.
You can spit poison.


Message History

VisualChap's ghost hits you.
You hit VisualChap's ghost but do no damage.
VisualChap's ghost hits you!
* * * LOW HITPOINT WARNING * * *
You closely miss VisualChap's ghost. VisualChap's ghost barely misses you.
You hit VisualChap's ghost but do no damage.
VisualChap's ghost shouts, "You will never get the ORB!"
VisualChap's ghost hits you.
* * * LOW HITPOINT WARNING * * *
VisualChap's ghost closely misses you.
VisualChap's ghost lets out a mournful wail.
VisualChap's ghost closely misses you.
VisualChap's ghost completely misses you.
VisualChap's ghost hits you.
* * * LOW HITPOINT WARNING * * *
Drink which item? (? for menu, Esc to quit)
It was a potion of brilliance.
You feel clever all of a sudden. VisualChap's ghost hits you!
You die...

#.## ### #.### ##.#####.## ###
####..# ##......#.## ##.#
#...### ##.##....##.####..#
#..## ##.####..###..#..#.#
##..## #.## ##.###.....#.#
##....#### #.#
##..###...##.####........# ####
##.....#...##..#.....###..@.
#.###..##......@W........# ....
#..#..#####.............#...#...
#...######...###......#...#.....
##<.......#..##
#.....##....#..#. #...##.......#
#.....##....... . #.#.#######..#
#.....###.#### ##### .......# .#
...####..


You could see VisualChap's ghost.

Vanquished Creatures
  7 adders
  An ooze (D:2)
  A worm (D:2)
  An orc (D:3)
  A giant cockroach (D:2)
  6 goblins
  5 hobgoblins
  10 jackals
  A ball python (D:3)
  5 bats
  7 giant newts
  6 kobolds
  5 rats
56 creatures vanquished.

Notes
Turn   | Place    | Note
--------------------------------------------------------------
     0 | D:1      | doublediamondsmb the Naga Venom Mage began the quest for the Orb.
     0 | D:1      | Reached XP level 1. HP: 15/15 MP: 3/3
    46 | D:1      | Found a shattered altar of Ashenzari.
   424 | D:1      | Reached XP level 2. HP: 20/22 MP: 0/5
  1267 | D:2      | Reached skill level 6 in Poison Magic
  1358 | D:2      | Reached XP level 3. HP: 28/28 MP: 6/6
  1398 | D:2      | Learned a level 2 spell: Cure Poison
  1519 | D:2      | Found a glowing silver altar of Zin.
  1522 | D:2      | Found a sparkling altar of Nemelex Xobeh.
  1522 | D:2      | Found a basalt altar of Yredelemnul.
  1530 | D:2      | Found a shimmering altar of Xom.
  1533 | D:2      | Found an iron altar of Okawaru.
  1976 | D:2      | Reached skill level 1 in Conjurations
  2285 | D:3      | Learned a level 3 spell: Mephitic Cloud
  2437 | D:3      | Reached XP level 4. HP: 18/36 MP: 7/7
  3167 | D:3      | Reached XP level 5. HP: 31/43 MP: 9/9
  3304 | D:4      | Noticed VisualChap's ghost (weakling GrBe)
  3309 | D:4      | Noticed Eustachio
  3329 | D:4      | HP: 2/43 [VisualChap's ghost (6)]
  3332 | D:4      | Slain by VisualChap's ghost

Vault maps used:
D:1:      dpeg_arrival_tiny_j, hangedman_decor_growths, evilmike_ruin_ashenzari
D:2:      minmay_overflow_temple_star_hex, st_stairs_9
D:4:      first_bread, minmay_misc_feat_square, columned_hall_lemuel,
          minmay_bad_closet, uniq_eustachio

Action                   |  1- 3 |  4- 6 || total
-------------------------+-------+-------++-------
Melee: Unarmed           |     3 |       ||     3
       Dagger            |    24 |    19 ||    43
 Cast: Sting             |    76 |    37 ||   113
       Mephitic Cloud    |       |     2 ||     2
       Cure Poison       |       |     1 ||     1
 Abil: Spit Poison       |     3 |       ||     3
  Use: Scroll            |     8 |     2 ||    10
       Potion            |     1 |     1 ||     2
  Eat: Pizza             |     1 |       ||     1
       Bread ration      |     1 |       ||     1
       Royal jelly       |       |     1 ||     1
